 Dungeon Crawl Stone Soup version 0.30.1-11-g7821555f0a (webtiles) character file.

Game seed: 8658120162492714341

833 H0rd4k the Cudgeller (level 8, -4/60 HPs)
             Began as a Human Artificer on Dec 6, 2023.
             Slain by a sky beast (7 damage)
             ... on level 6 of the Dungeon.
             The game lasted 00:06:24 (5938 turns).

H0rd4k the Cudgeller (Human Artificer)              Turns: 5938, Time: 00:06:25

Health: -4/60      AC: 10    Str: 14    XL:     8   Next: 18%
Magic:  8/8        EV:  7    Int: 10    God:
Gold:   230        SH:  0    Dex: 13    Spells: 7/7 levels left

rFire   . . .        s - +2 whip (venom)
rCold   . . .        (no shield)
rNeg    + . .        t - +1 chain mail "Zimuimp" {Harm rN+ Will+ Int-3}
rPois   .            (no helmet)
rElec   .            (no cloak)
rCorr   .            w - +0 pair of gloves
SInv    .            (no boots)
Will    +....        (no amulet) Stlth
                     (no ring)
HPRegen 0.30/turn    (no ring)
MPRegen 0.11/turn

%: harm (+30% outgoing, +20% incoming)
@: no status effects
A: no striking features
a: no special abilities


You were on level 6 of the Dungeon.
You visited 2 branches of the dungeon, and saw 8 of its levels.

You collected 230 gold pieces.

Inventory:

Hand Weapons
 j - a +4 whip
 s - a +2 whip of venom (weapon)
Missiles
 p - 2 throwing nets
 r - 16 poisoned darts
 x - 6 curare-tipped darts
Armour
 a - a +0 leather armour of willpower
 t - the +1 chain mail "Zimuimp" (worn) {Harm rN+ Will+ Int-3}
   (You found it on level 5 of the Dungeon)

   Int:       It affects your intelligence (-3).
   rN:        It protects you from negative energy.
   Harm:      It increases damage dealt and taken.
   Will:      It increases your willpower.
 w - a +0 pair of gloves (worn)
Jewellery
 E - an amulet of guardian spirit
Wands
 c - a wand of flame (39) (quivered)
 d - a wand of charming (6)
 e - a wand of iceblast (3)
Scrolls
 f - a scroll of blinking {unknown}
 g - a scroll of fear {unknown}
 h - a scroll of enchant armour {unknown}
 i - a scroll of magic mapping {unknown}
 l - a scroll of torment {unknown}
 m - a scroll of butterflies {unknown}
 n - 7 scrolls of identify {unknown}
 o - a scroll of amnesia {unknown}
 u - 2 scrolls of enchant weapon {unknown}
 y - 3 scrolls of teleportation {unknown}
Potions
 b - 2 potions of haste {unknown}
 k - 2 potions of flight {unknown}
 q - a potion of magic {unknown}
 v - 2 potions of berserk rage {unknown}
 z - a potion of brilliance {unknown}
 A - a potion of might {unknown}
 B - a potion of curing {unknown}
 C - 2 potions of ambrosia {unknown}
 D - a potion of mutation {unknown}


   Skills:
 + Level 4.0 Fighting
 + Level 6.6 Maces & Flails
 - Level 2.0 Armour
 + Level 3.5 Dodging
 - Level 1.0 Stealth
 - Level 3.0 Evocations


You had 7 spell levels left.
You didn't know any spells.
Your spell library contained the following spells:

 Spells                   Type           Power      Damage    Failure   Level
 Summon Small Mammal      Summ           0%         N/A       100%        1
 Call Canine Familiar     Summ           0%         N/A       100%        3
 Portal Projectile        Hex/Tloc       0%         N/A       100%        3
 Summon Guardian Golem    Hex/Summ       0%         N/A       100%        3
 Volatile Blastmotes      Fire/Tloc      0%         2d10      100%        3
 Fulminant Prism          Conj/Hex       0%         3d5       100%        4
 Iskenderun's Mystic Bla  Conj/Tloc      0%         2d3       100%        4
 Leda's Liquefaction      Hex/Erth       0%         N/A       100%        4
 Lee's Rapid Deconstruct  Erth           0%         3d4*      100%        5


Dungeon Overview and Level Annotations

Branches:
Dungeon (7/15)             Temple (1/1) D:5

Altars:
Ashenzari
Cheibriados
Elyvilon
Fedhas
Gozag
Hepliaklqana
Kikubaaqudgha
Nemelex Xobeh
Okawaru
Qazlal
Ru
Sif Muna
Trog
Uskayaw
Vehumet
Wu Jian
Xom
Yredelemnul
Zin
The Shining One

Shops:
D:1 [

Annotations:
D:5 1 runed translucent door, exclusions: door and water moccasin, Crazy Yiuf
D:6 exclusion: downstairs


Message History

There is a stone staircase leading up here.
Unknown command.
The sky beast hits you. The sky beast shocks you.
The orc hits you with a +0 mace.
You climb upwards.
Level annotation: exclusion: downstairs
There is a stone staircase leading down here.
You hit the sky beast.
The sky beast looks as sick as possible!
The sky beast is moderately wounded.
The sky beast closely misses you. The orc hits you but does no damage.
You hit the sky beast.
The sky beast looks as sick as possible!
The sky beast is moderately wounded.
The sky beast hits you. The sky beast shocks you.
The orc hits you but does no damage.
You hit the sky beast.
The sky beast looks as sick as possible!
The sky beast is moderately wounded.
You closely miss the sky beast.
The sky beast is heavily wounded.
The sky beast hits you but does no damage.
The orc hits you with a +0 mace.
You hit the sky beast.
The sky beast is almost dead.
The sky beast hits you. The sky beast shocks you.
* * * LOW HITPOINT WARNING * * *
The orc hits you with a +0 mace!
* * * LOW HITPOINT WARNING * * *
You miss the sky beast.
The sky beast is almost dead.
The sky beast hits you but does no damage.
The orc hits you with a +0 mace.
* * * LOW HITPOINT WARNING * * *
You closely miss the sky beast.
The sky beast is almost dead.
The sky beast hits you.
* * * LOW HITPOINT WARNING * * *
The sky beast shocks you.
You die...

#.........#...##
#....##+###.#.#.
#....##.....#...
#....#....#.#.#.
#....'....#...#.
###########..###..#.#.#.
#..#.##.###..###....#...
#......Y..........#.#.#.
#......@..........#...##
#......[o.........#.#...
#####..................##.#
##..##..###.###.#######.....
#...##..###.########..##.###
#....#......#...............
#....#......#.............##
#....#......#.............##
##..#.......'......####''###


You could see a sky beast (extremely poisoned) and an orc.

Vanquished Creatures
  A centaur (D:7)
  A phantom (D:5)
  2 scorpions
  2 hounds
  A jelly (D:6)
  An orc priest (D:5)
  A gnoll bouda (D:6)
  Jessica (D:2)
  3 iguanas
  3 orc wizards
  4 gnolls (D:7)
  9 adders
  A white imp (D:6)
  An ufetubus (D:6)
  4 worms
  2 dart slugs
  12 orcs
  4 ball pythons
  4 endoplasms
  2 giant cockroaches
  6 hobgoblins
  6 jackals
  7 kobolds
  4 quokkas
  4 bats
  3 frilled lizards
  4 goblins
  4 rats
97 creatures vanquished.

Vanquished Creatures (collateral kills)
  An orc (D:5)
  A kobold (D:4)
2 creatures vanquished.

Vanquished Creatures (others)
  An orc wizard (D:5)
  2 adders
  An orc (D:5)
4 creatures vanquished.

Grand Total: 103 creatures vanquished

Notes
Turn   | Place    | Note
-------+----------+-------------------------------------------
     0 | D:1      | H0rd4k the Human Artificer began the quest for the Orb.
     0 | D:1      | Reached XP level 1. HP: 15/15 MP: 1/1
    53 | D:1      | Found Tael's Armour Shoppe.
   339 | D:1      | Reached XP level 2. HP: 5/21 MP: 2/2
   577 | D:1      | Reached skill level 1 in Maces & Flails
   962 | D:2      | Reached XP level 3. HP: 15/27 MP: 3/3
  1153 | D:2      | Reached skill level 2 in Maces & Flails
  1268 | D:2      | Noticed Jessica
  1277 | D:2      | Killed Jessica
  1278 | D:2      | Reached XP level 4. HP: 24/33 MP: 4/4
  1345 | D:2      | You fall into a shaft and drop 2 floors!
  1713 | D:4      | Reached XP level 5. HP: 32/38 MP: 5/5
  1886 | D:4      | Reached skill level 3 in Maces & Flails
  1959 | D:5      | Entered Level 5 of the Dungeon
  2023 | D:5      | Identified the +1 chain mail "Zimuimp" {Harm rN+ Will+
                  | Int-3}
  2074 | D:5      | Reached skill level 4 in Maces & Flails
  2074 | D:5      | Reached XP level 6. HP: 32/46 MP: 6/6
  2129 | D:5      | Found a staircase to the Ecumenical Temple.
  2508 | D:5      | Reached skill level 5 in Maces & Flails
  2508 | D:5      | Reached XP level 7. HP: 31/52 MP: 7/7
  2876 | D:5      | Noticed a water moccasin
  2908 | Temple   | Entered the Ecumenical Temple
  3275 | D:3      | Found a faded altar of an unknown god.
  3321 | D:3      | Found an ancient bone altar of Kikubaaqudgha.
  4114 | D:2      | Identified the +6 spear "Xaentac" {flame, Int+4 Dex+3}
  4392 | D:5      | Found a runed translucent door.
  4393 | D:5      | Noticed Crazy Yiuf
  5102 | D:6      | Found a glowing silver altar of Zin.
  5103 | D:6      | Found an opulent altar of Gozag.
  5111 | D:6      | Reached skill level 6 in Maces & Flails
  5278 | D:6      | Found a bloodstained altar of Trog.
  5751 | D:7      | Reached XP level 8. HP: 52/60 MP: 8/8
  5938 | D:6      | HP: 3/60 [sky beast (4)]
  5938 | D:6      | Slain by a sky beast

Illustrated notes

Levels and vault maps discovered:
D:1:      dreamdust_arrival_sigmund_warning, layout_loops_ring, serial_shops,
          nicolae_shop_tiny_statue_garden
D:2:      layout_basic, uniq_jessica
D:3:      layout_basic, kiku_gazebo_garden_becter,
          hellmonk_ecumenical_altar_lost_god
D:4:      layout_rooms
D:5:      layout_basic, minmay_temple_entry_metal_lava, uniq_crazy_yiuf_cottage
D:6:      layout_gridville, nicolae_overflow_hidden_temple,
          kennysheep_big_empty_room, nicolae_concentric_dashed_squares_mild
D:7:      layout_rooms, serial_shops, shop
Temple:   nicolae_temple_superstar

Skill      XL: |  1  2  3  4  5  6  7  8 |
---------------+-------------------------+-----
Maces & Flails | 1 2 4 5 6 |  6.6
Fighting       | 2 3 4 |  4.0
Dodging        | 2 3 |  3.5
Armour         | |  2.0
Stealth        | |  1.0
Evocations     | |  3.0

Action                     |  1- 3 |  4- 6 |  7- 9 || total
---------------------------+-------+-------+-------++-------
  Melee: Club              |    48 |       |       ||    48
         Whip              |    41 |   122 |   184 ||   347
         Punch             |     2 |     4 |     2 ||     8
  Evoke: Wand              |     3 |     7 |     4 ||    14
   Stab: Sleeping          |     1 |     1 |       ||     2
 Armour: Leather armour    |    21 |    11 |       ||    32
         Chain mail        |       |       |    99 ||    99
  Dodge: Dodged            |    41 |    66 |    57 ||   164
